 Dungeon Crawl Stone Soup version 0.29.0-10-g45618ea6d2 (webtiles) character file.

Game seed: 14617857952515954629

281 Zeldest the Ruffian (level 6, -2/62 HPs)
             Began as a Troll Chaos Knight on Sept 1, 2022.
             Was a Plaything of Xom.
             Slain by a komodo dragon (shapeshifter) (30 damage)
             ... on level 3 of the Dungeon.
             The game lasted 00:02:29 (1954 turns).

Zeldest the Ruffian (Troll Chaos Knight)            Turns: 1954, Time: 00:02:30

Health: -2/62      AC:  6    Str: 25    XL:     6   Next: 6%
Magic:  5/5        EV:  9    Int: 10    God:    Xom [......]
Gold:   165        SH:  0    Dex:  9    Spells: 5/5 levels left

rFire   . . .      SeeInvis +     - Unarmed
rCold   . . .      Faith    +   (no shield)
rNeg    + . .      Spirit   .   a - +2 robe
rPois   .          Reflect  .   (helmet restricted)
rElec   .          Harm     .   (no cloak)
rCorr   .          Rampage  .   (gloves unavailable)
Will    .....                   (boots unavailable)
Stlth   ++........              g - amulet of faith
HPRegen 1.00/turn               v - ring of Enaschir {Str+4 SInv Stlth+}
MPRegen 0.09/turn               q - ring of positive energy

@: no status effects
A: large, unfitting armour, claws 3, regeneration 1, shaggy fur 1, tough skin 1,
talons 1, high MP 1, wild magic 1, noise suppression
a: Renounce Religion


You were on level 3 of the Dungeon.
You worshipped Xom.
You were a very special plaything of Xom.
You visited 1 branch of the dungeon, and saw 3 of its levels.

You collected 165 gold pieces.

Inventory:

Armour
 a - a +2 robe (worn)
Jewellery
 g - an amulet of faith (around neck)
 n - a ring of positive energy
 q - a ring of positive energy (right claw)
 v - the ring of Enaschir (left claw) {Str+4 SInv Stlth+}
   (Xom gifted it to you on level 3 of the Dungeon)

   [ring of see invisible]

   Str:       It affects your strength (+4).
   SInv:      It lets you see invisible.
   Stlth:     It makes you more stealthy.
Scrolls
 e - 2 scrolls of magic mapping {unknown}
 f - 3 scrolls of immolation {unknown}
 j - 4 scrolls of teleportation {unknown}
 k - a scroll of enchant weapon {unknown}
 l - a scroll of poison {unknown}
 m - a scroll of brand weapon {unknown}
 p - 2 scrolls of identify {unknown}
 r - 3 scrolls of enchant armour {unknown}
 t - a scroll of fog {unknown}
 u - a scroll of amnesia {unknown}
Potions
 c - a potion of might {unknown}
 d - a potion of curing {unknown}
 h - a potion of resistance {unknown}
 i - a potion of attraction {unknown}
 o - 2 potions of degeneration {unknown}
 s - a potion of haste {unknown}
Miscellaneous
 b - a piece from Xom's chessboard (12/15) (quivered)


   Skills:
 + Level 3.7 Fighting
 - Level 1.9 Dodging
 * Level 5.8 Unarmed Combat


You had 5 spell levels left.
You didn't know any spells.
Your spell library contained the following spells:

 Spells                   Type           Power      Damage    Failure   Level
 Blink                    Tloc           0%         N/A       58%         2
 Lesser Beckoning         Tloc           0%         N/A       82%         3
 Manifold Assault         Tloc           0%         N/A       100%        5


Dungeon Overview and Level Annotations

Branches:
Dungeon (3/15)

Altars:
Sif Muna

Annotations:
D:3 benadryl's ghost, amateur TrEE


Innate Abilities, Weirdness & Mutations

You are too large for most types of armour.
You have claws for hands.
Your natural rate of healing is unusually fast.
You are covered in fur. (AC +1)
You have tough skin. (AC +1)
You have sharp toenails.
You have an increased reservoir of magic. (+10% MP)
Your spells are a little harder to cast, but a little more powerful.
You passively dampen the noise of your surroundings.


Message History

Could not explore, unopened runed door.
Press: ? - help, v - describe, . - travel
Here: benadryl's ghost (fire blocked by a translucent stone wall)
The floor.
You open the gate. The hobgoblin attacks as you move away!
The hobgoblin barely misses you.
You hear Xom's avuncular chuckle.
The quokka changes into a shapeshifter!
You are now a very special plaything of Xom.
The shapeshifter changes into a komodo dragon!
The hobgoblin attacks as you move away! The hobgoblin hits you.
The hobgoblin attacks as you move away! The hobgoblin hits you.
You make a move on Xom's chessboard...
The hobgoblin is outlined in light.
The hobgoblin hits you but does no damage.
You claw the hobgoblin!
You kill the hobgoblin!
You barely miss the iguana. Your kick misses the iguana. The iguana bites you.
You claw the iguana!
The iguana is almost dead.
The iguana bites you!
You scratch the iguana.
You kill the iguana!
Your piece from Xom's chessboard (12/15) has regained one charge.
You have reached level 6!
You feel stronger.
Okay, then.
You barely miss the komodo dragon. You claw the komodo dragon.
The komodo dragon is lightly wounded.
The komodo dragon bites you!
You scratch the komodo dragon.
You claw the komodo dragon, but do no damage.
The komodo dragon is lightly wounded.
The komodo dragon bites you!
You emit a cloud of colourful smoke!
You claw the komodo dragon! Your kick misses the komodo dragon.
Your claw misses the komodo dragon.
The komodo dragon is moderately wounded.
The komodo dragon bites you!!
You die...
Xom chuckles heartily!

#.##### #....#### #.. #.# #.####
##.. #.# #...### #... #.#
#.....## #... #.# #...(..###...
#############.# #.###..##....
............#.# ###.###...#....
.##########.#.#####.#..##...#....
.# ### #....§@l§.#............ .#
###≈###....§###.############# .#
##≈≈≈≈≈##..§## #..#...#..##.##
.###≈≈≈≈≈≈≈##.## #..............
.##≈≈....≈≈≈#.# #.##...........
.##≈.####~~≈#### #.....###'''###
.#≈≈##..##8.8.8## ###...#J......#
.#≈≈#_...'......# ##..#W......#
.#≈≈##..##8.8.8)## #..#.......#


You could see a komodo dragon shaped shifter.

Vanquished Creatures
  A golden eye (shapeshifter) (D:2)
  An iguana (D:3)
  5 adders (D:2)
  A worm (D:2)
  2 dart slugs
  5 orcs (D:3)
  6 endoplasms
  2 giant cockroaches
  8 goblins
  8 hobgoblins
  4 quokkas
  6 ball pythons
  4 bats
  4 frilled lizards
  2 kobolds (D:3)
  5 rats
64 creatures vanquished.

Vanquished Creatures (collateral kills)
  An endoplasm (D:2)
1 creature vanquished.

Grand Total: 65 creatures vanquished

Notes
Turn   | Place    | Note
-------+----------+-------------------------------------------
     0 | D:1      | Zeldest the Troll Chaos Knight began the quest for the Orb.
     0 | D:1      | Reached XP level 1. HP: 22/22 MP: 0/0
   155 | D:1      | Reached XP level 2. HP: 29/29 MP: 1/1
   156 | D:1      | XOM is BORED!
   156 | D:1      | XOM: silly message
   291 | D:1      | Found a faded altar of an unknown god.
   385 | D:2      | XOM: god gift: tiny steel amulet {god gift}
   386 | D:2      | Reached XP level 3. HP: 36/36 MP: 2/2
   396 | D:2      | Noticed a shapeshifter
   396 | D:2      | a dart slug changed into a shapeshifter
   396 | D:2      | XOM: polymorph dart slug -> shapeshifter
   396 | D:2      | Noticed a human
   396 | D:2      | a shapeshifter changed into a human
   401 | D:2      | XOM: 10-stop teleportation journey
   440 | D:2      | Reached skill level 4 in Unarmed Combat
   443 | D:2      | XOM: scenery: 1 doors open
   470 | D:2      | Noticed a golden eye
   471 | D:2      | XOM: confuse monster(s)
   474 | D:2      | Killed a golden eye
   475 | D:2      | Reached skill level 5 in Unarmed Combat
   475 | D:2      | Reached XP level 4. HP: 45/45 MP: 3/3
   475 | D:2      | Reached XP level 5. HP: 53/53 MP: 4/4
   523 | D:2      | XOM: 3-stop teleportation journey
   743 | D:2      | XOM: scenery: summon butterflies
   752 | D:2      | XOM: polymorph butterfly -> hound
   802 | D:2      | XOM: god gift: 39 gold pieces
   894 | D:3      | XOM: noise
   980 | D:3      | XOM is BORED!
  1266 | D:3      | XOM: silly message
  1524 | D:3      | Found a runed translucent gate.
  1525 | D:3      | Found a runed translucent gate.
  1525 | D:3      | Noticed benadryl's ghost (amateur TrEE)
  1526 | D:3      | Found a runed translucent gate.
  1597 | D:3      | Found a shimmering blue altar of Sif Muna.
  1708 | D:3      | XOM: give mutations
  1708 | D:3      | Gained mutation: You passively dampen the noise of your
                  | surroundings. [Xom's grace]
  1708 | D:3      | Gained mutation: You have sharp toenails. [Xom's grace]
  1708 | D:3      | Gained mutation: Your spells are a little harder to cast,
                  | but a little more powerful. [Xom's grace]
  1708 | D:3      | Gained mutation: You have an increased reservoir of magic.
                  | (+10% MP) [Xom's grace]
  1867 | D:3      | Identified the ring of Enaschir {Str+4 SInv Stlth+} (Xom
                  | gifted it to you on level 3 of the Dungeon)
  1867 | D:3      | XOM: god gift: ring of Enaschir {Str+4 SInv Stlth+}
  1939 | D:3      | Noticed a shapeshifter
  1939 | D:3      | a quokka changed into a shapeshifter
  1939 | D:3      | XOM: polymorph quokka -> shapeshifter
  1939 | D:3      | Noticed a komodo dragon
  1939 | D:3      | a shapeshifter changed into a komodo dragon
  1952 | D:3      | Reached XP level 6. HP: 51/62 MP: 5/5
  1953 | D:3      | XOM: smoke on damage
  1954 | D:3      | Slain by a komodo dragon (shapeshifter)

Illustrated notes

Levels and vault maps discovered:
D:1:      scummos_arrival_forest, layout_rooms, ebering_ecumenical_altar_ruins
D:2:      layout_basic
D:3:      minmay_recursive_quarters, layout_loops_corners,
          kennysheep_orc_sif_temple, gammafunk_ghost_split

Skill      XL: |  1  2  3 |
---------------+----------+-----
Unarmed Combat | 5 |  5.8
Fighting       | 3 |  3.7
Dodging        | |  1.9

Action                   |  1- 3 |  4- 6 || total
-------------------------+-------+-------++-------
Melee: Unarmed           |    79 |    91 ||   170
       Punch             |     3 |     3 ||     6
       Kick              |       |     2 ||     2
Evoke: Piece from Xom's  |       |     5 ||     5
 Stab: Sleeping          |       |     1 ||     1
Armor: Robe              |    56 |    33 ||    89
Dodge: Dodged            |    54 |    44 ||    98
